[Event "15th Kesan Open 2017"]
[Site "Kesan"]
[Date "2017.08.13"]
[Round "1.6"]
[White "Guseynov, Alihan"]
[Black "Karatiken, Ertan"]
[Result "1-0"]
[ECO "D30"]
[WhiteElo "2399"]
[BlackElo "1428"]
[Annotator "ChessBase"]
[PlyCount "79"]
[EventCountry "TUR"]
[SourceTitle "playchess.com"]
[Source "ChessBase"]
[SourceQuality "1"]
[TimeControl "5400+30"]

1. d4 d5 2. c4 c6 3. Nf3 Nf6 4. e3 e6 5. b3 Bd6 6. Bb2 O-O 7. Bd3 Nbd7 8. O-O dxc4 9. bxc4 b6 10. e4 Bb8 11. e5 Ne8 12. Ba3 c5 13. dxc5 bxc5 14. Be4 Nc7 15. Nc3 f5 16. exf6 Qxf6 17. Qc2 g6 18. Bb2 Qe7 19. Bxa8 Nxa8 20. Ne4 Bb7 21. Rfe1 e5 22. Rad1 Nab6 23. Nfd2 Qf7 24. Re3 Bxe4 25. Nxe4 Qxc4 26. Qxc4+ Nxc4 27. Rxd7 Nxb2 28. Rh3 Rf7 29. Rxf7 Kxf7 30. Rb3 Ke6 31. Nxc5+ Kd5 32. Rxb8 Nc4 33. Nd3 Kd4 34. Rd8+ Ke4 35. Nc5+ Kf5 36. Rf8+ Kg5 37. Ne6+ Kh5 38. h3 e4 39. g4+ Kh6 40. Rf7 1-0

[Event "15th Kesan Open 2017"]
[Site "Kesan"]
[Date "2017.08.14"]
[Round "2.9"]
[White "Kavukcu, Mustafa"]
[Black "Rahmanov, Shahriyar"]
[Result "0-1"]
[ECO "B08"]
[WhiteElo "1663"]
[BlackElo "2327"]
[Annotator "RC"]
[PlyCount "56"]
[EventCountry "TUR"]
[SourceTitle "playchess.com"]
[Source "ChessBase"]
[SourceQuality "1"]
[TimeControl "5400+30"]

1. e4 g6 2. d4 Bg7 3. Nc3 d6 4. Bc4 c6 5. Nf3 Nf6 6. O-O O-O 7. a4 Bg4 8. h3 Bxf3 9. Qxf3 Nbd7 10. Be3 e5 11. Rad1 Qe7 12. Rfe1 Kh8 13. Qe2 a6 14. Bb3 b5 15. axb5 axb5 16. dxe5 dxe5 17. Bg5 h6 18. Bxf6 Nxf6 19. Ra1 Nd7 20. Qe3 Rxa1 21. Rxa1 Nc5 22. Ne2 Kh7 23. Nc1 Rd8 24. Nd3 Rxd3 25. cxd3 Nxb3 26. Ra7 Qf6 27. Qb6 Bf8 28. Qc7 Kg7 0-1

[Event "15th Kesan Open 2017"]
[Site "Kesan"]
[Date "2017.08.14"]
[Round "3.7"]
[White "Donmez, Taha Mert"]
[Black "Markidis, Konstantinos"]
[Result "0-1"]
[ECO "E14"]
[WhiteElo "1918"]
[BlackElo "2350"]
[Annotator "NA"]
[PlyCount "104"]
[EventCountry "TUR"]
[SourceTitle "playchess.com"]
[Source "ChessBase"]
[SourceQuality "1"]
[TimeControl "5400+30"]

1. c4 e6 2. Nf3 Nf6 3. e3 b6 4. d4 Bb7 5. Bd3 c5 6. O-O Be7 7. Nc3 a6 8. b3 O-O 9. Bb2 cxd4 10. exd4 d5 11. Qe2 Re8 12. Rfe1 Nc6 13. Rad1 g6 14. Qe3 Rc8 15. Ng5 ({White should play} 15. Qd2 $11) 15... Ng4 16. Qf4 Bxg5 17. Qxg4 Nb4 18. Bf1 h5 19. Qg3 Bh4 20. Qf4 Bg5 21. Qg3 Bh4 22. Qf4 Qf6 23. Qxf6 Bxf6 24. cxd5 Nxd5 25. Nxd5 Bxd5 $15 26. Bxa6 Ra8 27. Bc4 Bxc4 28. bxc4 Rxa2 29. Bc1 Rc2 30. d5 Rxc4 31. d6 Rd8 32. Be3 Rc6 33. d7 Kf8 34. Bh6+ Ke7 35. Bc1 Rxd7 36. Ba3+ Ke8 37. Rb1 Bd4 38. Re2 Ra7 39. Bb4 Ra1 40. Rxa1 Bxa1 41. g3 Bd4 42. Kg2 Rc4 43. Be1 b5 44. Ra2 Ra4 45. Rc2 Kd7 46. Bd2 e5 47. Kf3 b4 48. Rc4 Ra3+ 49. Be3 b3 50. Ke4 b2 51. Rb4 Bc3 52. Rb7+ Kc8 0-1

[Event "15th Kesan Open 2017"]
[Site "Kesan"]
[Date "2017.08.14"]
[Round "3.8"]
[White "Rahmanov, Shahriyar"]
[Black "Guven, Oguz Kagan"]
[Result "1-0"]
[ECO "E46"]
[WhiteElo "2327"]
[BlackElo "1878"]
[Annotator "NA"]
[PlyCount "89"]
[EventCountry "TUR"]
[SourceTitle "playchess.com"]
[Source "ChessBase"]
[SourceQuality "1"]
[TimeControl "5400+30"]

1. d4 Nf6 2. c4 e6 3. Nc3 Bb4 4. e3 O-O 5. Nge2 d5 6. a3 Be7 7. cxd5 exd5 8. g3 c6 9. Bg2 Bf5 10. O-O Re8 11. b4 {[%emt 0:09:30] E46: Nimzo-Indian: Rubinstein: 4 e3 0-0 5 Ne2 without early Bd3} ({White should play} 11. f3 $11 c5 12. g4 Be6 13. g5 Nh5 14. f4 g6 15. dxc5 Bxc5 16. Nxd5 Bxd5 17. Qxd5 Qxd5 18. Bxd5 Nc6 {½-½ (37) Cramling,P (2523)-Zhao,X (2490) Nalchik 2010}) 11... Nbd7 12. f3 Bd6 13. g4 $146 ({Predecessor:} 13. Nf4 h6 14. Nd3 Re7 15. Nf2 Bg6 16. e4 dxe4 17. fxe4 Qb6 18. Na4 Qb5 {½-½ (28) Schmidt,J (2271)-Weiss,O (2153) Germany 2003}) 13... Bg6 14. Nf4 Nb6 (14... a5 $5 15. b5 Qc7 $15) 15. Nxg6 hxg6 16. e4 dxe4 17. fxe4 Nh7 18. Qb3 Rf8 19. Be3 Be7 20. Kh1 (20. a4 $16) 20... Bg5 21. Bg1 Nf6 22. h3 Qd7 23. Rad1 Rad8 24. a4 Nc8 25. d5 cxd5 {[%emt 0:00:30] [#]} 26. e5 $1 ({Weaker is} 26. Nxd5 Nxd5 27. b5 (27. Rxd5 Qe6 $14) (27. exd5 Nd6 $14) 27... Qe7 $14) ({Inferior is} 26. exd5 Rfe8 $11) 26... Nh7 27. Bxd5 ({Resist} 27. Nxd5 Qe6 $18) ({Don't play} 27. Rxd5 $6 Qe8 $18) 27... Qe8 28. Bc5 ({Not} 28. Bxb7 Rxd1 29. Rxd1 Qxe5 $16) 28... Be7 29. Bg1 Nb6 30. Bxb7 Rxd1 31. Rxd1 Qb8 {[%emt 0:00:10] [#]} 32. Bg2 $1 Qxe5 33. a5 Nc8 34. Bh2 Qe3 35. Qc4 Nf6 $18 36. b5 Qc5 37. Qxc5 Bxc5 38. Ne4 Nxe4 39. Bxe4 f5 40. Bb7 Ne7 41. Bg1 Bxg1 42. Kxg1 Kf7 43. Rc1 Rb8 44. a6 Ke6 45. b6 1-0

[Event "15th Kesan Open 2017"]
[Site "Kesan"]
[Date "2017.08.14"]
[Round "3.9"]
[White "Dimitrov, Atanas"]
[Black "Onem, Cem"]
[Result "1/2-1/2"]
[ECO "E18"]
[WhiteElo "2317"]
[BlackElo "1819"]
[Annotator "ChessBase"]
[PlyCount "84"]
[EventCountry "TUR"]
[SourceTitle "playchess.com"]
[Source "ChessBase"]
[SourceQuality "1"]
[TimeControl "5400+30"]

1. d4 d5 2. c4 e6 3. Nf3 Nf6 4. g3 Be7 5. Bg2 O-O 6. O-O b6 7. Nc3 Bb7 8. Ne5 Nbd7 9. Qa4 Nxe5 10. dxe5 Ne4 11. Nxe4 dxe4 12. Qc2 Qd4 13. Bf4 g5 14. Rad1 Qc5 15. b4 Qxb4 16. Bd2 Qc5 17. Bxe4 Bxe4 18. Qxe4 Rad8 19. Be3 Qa5 20. h4 Qa4 21. Rxd8 Rxd8 22. Bxg5 Bxg5 23. Qg4 Rd1 24. Qxg5+ Kf8 25. h5 Qc2 26. Rxd1 Qxd1+ 27. Kg2 Qc2 28. Qd8+ Kg7 29. Qg5+ Kf8 30. Qd8+ Kg7 31. Qf6+ Kf8 32. a3 Ke8 33. h6 Qe4+ 34. Kg1 Qb1+ 35. Kg2 Qe4+ 36. Kg1 Qb1+ 37. Kh2 Qe4 38. e3 a6 39. Qh8+ Ke7 40. Qf6+ Ke8 41. Qh8+ Ke7 42. Qf6+ Ke8 1/2-1/2

[Event "15th Kesan Open 2017"]
[Site "Kesan"]
[Date "2017.08.14"]
[Round "3.10"]
[White "Korkmaz, Turhan"]
[Black "Buyukasik, Diyap"]
[Result "0-1"]
[ECO "B92"]
[WhiteElo "1867"]
[BlackElo "2285"]
[Annotator "NA"]
[PlyCount "108"]
[EventCountry "TUR"]
[SourceTitle "playchess.com"]
[Source "ChessBase"]
[SourceQuality "1"]
[TimeControl "5400+30"]

1. e4 c5 2. Nf3 d6 3. d4 cxd4 4. Nxd4 Nf6 5. Nc3 a6 6. Be2 e5 7. Nb3 Be6 8. O-O Be7 9. a4 O-O 10. Kh1 {[%emt 0:06:30] B92: Sicilian Najdorf: 6 Be2} (10. Bf3 Nbd7 11. a5 Qc7 12. Re1 Rfd8 13. Be3 h6 14. h3 Rac8 15. Nd2 Nh7 16. Nf1 Bg5 17. Re2 Bxe3 18. Nxe3 {½-½ (34) Mamedov,N (2597)-Yilmaz,M (2582) Kocaeli 2015}) 10... Nbd7 11. Be3 Rc8 12. a5 Qc7 13. h3 Qc6 14. Bf3 Rfd8 15. g4 $146 ({Predecessor:} 15. Qc1 d5 16. exd5 Bxd5 17. Nxd5 Nxd5 {1-0 (34) Mezioud,R-Abulhul,T (2027) Cairo 2009}) 15... Nf8 16. Bb6 Re8 17. Be3 Red8 18. Bb6 Rd7 19. Be3 (19. g5 $15 Ne8 20. Rg1) 19... Ng6 (19... d5 $17 20. exd5 Nxd5 21. Bxd5 Bxd5+ 22. Nxd5 Rxd5) 20. g5 Ne8 21. Nd5 Bd8 22. Bg4 Qxc2 23. Bxe6 Qxd1 24. Bxf7+ Rxf7 25. Rfxd1 Rf3 26. Rac1 Rxc1 27. Rxc1 Bxg5 $1 ({Not} 27... Rxh3+ $2 28. Kg2 $16) 28. Nd2 (28. Rc8 $1 $11 Bxe3 29. Rxe8+ Kf7 30. Rb8 Bxf2 31. Rxb7+ Kg8 32. Rb8+ Rf8 33. Rxf8+ Kxf8 34. Kg2) 28... Bxe3 29. fxe3 Rf2 30. Nc4 Nh4 31. Kg1 Rg2+ 32. Kh1 Rf2 33. Kg1 Rg2+ 34. Kh1 Re2 35. Rf1 h5 36. Ne7+ Kh7 37. Nf5 Nxf5 38. exf5 Rc2 39. b3 Rc3 40. Rb1 e4 41. Kg2 h4 42. Kf2 (42. Rd1 $142) 42... Kh6 43. Ke2 Rc2+ 44. Nd2 d5 45. Rg1 Nf6 46. Rb1 Ra2 $19 47. b4 Nh5 48. Kd1 Ng3 49. Nb3 Nxf5 50. Nc5 Nxe3+ 51. Ke1 Rh2 52. Rc1 d4 53. Nxe4 d3 54. Nf2 Rxf2 0-1

[Event "15th Kesan Open 2017"]
[Site "Kesan"]
[Date "2017.08.15"]
[Round "4.9"]
[White "Ozsakallioglu, Akin"]
[Black "Dimitrov, Atanas"]
[Result "0-1"]
[ECO "B33"]
[WhiteElo "1849"]
[BlackElo "2317"]
[Annotator "ChessBase"]
[PlyCount "144"]
[EventCountry "TUR"]
[SourceTitle "playchess.com"]
[Source "ChessBase"]
[SourceQuality "1"]
[TimeControl "5400+30"]

1. e4 c5 2. Nf3 e6 3. d4 cxd4 4. Nxd4 Nf6 5. f3 Nc6 6. c4 Bc5 7. Nxc6 dxc6 8. Qxd8+ Kxd8 9. Nc3 e5 10. Bd3 Nd7 11. b3 Bd4 12. Bb2 Nc5 13. O-O-O Kc7 14. Kc2 Ne6 15. Ne2 Bxb2 16. Kxb2 a5 17. g3 Nc5 18. Bc2 Bh3 19. Rhe1 h5 20. Ng1 Bd7 21. Rd2 h4 22. f4 hxg3 23. hxg3 exf4 24. gxf4 Rh4 25. f5 g6 26. Nf3 Rf4 27. Ne5 Re8 28. Nxd7 Nxd7 29. fxg6 fxg6 30. Rg2 Ne5 31. Rh1 Re7 32. Rh8 Rff7 33. Rg8 Rg7 34. Rxg7 Rxg7 35. Kc3 c5 36. Kd2 Rf7 37. Ke2 Kd6 38. Bd1 Ke6 39. Ke3 Rf1 40. Ke2 Rh1 41. a4 Kf6 42. Bc2 Rh3 43. Kf1 Rf3+ 44. Ke2 Rh3 45. Kf1 b6 46. Rd2 Ke6 47. Rg2 Rc3 48. Bd1 Kf6 49. Rd2 Rd3 50. Rf2+ Kg5 51. Ke2 Rg3 52. Rf8 Nc6 53. Kf2 Rd3 54. Ke2 Rh3 55. e5 Nxe5 56. Rb8 Kf4 57. Rxb6 Rh2+ 58. Kf1 Rh1+ 59. Ke2 Rh2+ 60. Kf1 Ke3 61. Re6 Kd4 62. Rd6+ Ke4 63. Rd5 Rh1+ 64. Ke2 Rh2+ 65. Kf1 Nd3 66. Kg1 Rb2 67. Bg4 Rxb3 68. Bd7 Rb6 69. Bb5 Rf6 70. Rd7 Ne5 71. Ra7 Kf3 72. Rxa5 Rd6 0-1

[Event "15th Kesan Open 2017"]
[Site "Kesan"]
[Date "2017.08.15"]
[Round "5.5"]
[White "Diri, Reha"]
[Black "Markidis, Konstantinos"]
[Result "1/2-1/2"]
[ECO "C02"]
[WhiteElo "1982"]
[BlackElo "2350"]
[Annotator "NA"]
[PlyCount "61"]
[EventCountry "TUR"]
[SourceTitle "playchess.com"]
[Source "ChessBase"]
[SourceQuality "1"]
[TimeControl "5400+30"]

1. e4 c5 2. Nf3 e6 3. c3 d5 4. e5 Nc6 5. d4 Bd7 6. a3 {[%emt 0:01:30] LiveBook: 805 Games} f6 7. Bd3 fxe5 8. dxe5 Nh6 9. O-O Nf7 10. Re1 g6 11. h3 c4 12. Bc2 Qb6 $14 13. Re2 Bg7 14. Ba4 O-O 15. Bxc6 Bxc6 16. Be3 Qa5 17. Nd4 Bxe5 18. Nxe6 Rfe8 19. Nd4 Ba4 20. Qe1 Bg7 21. Nd2 Ne5 22. N2f3 Nd3 23. Qd2 Qc7 24. b4 Bd7 25. Ne1 Rac8 26. Nef3 a5 27. Rb1 axb4 28. axb4 Ra8 29. Bh6 Rxe2 30. Nxe2 Bf5 31. Bxg7 1/2-1/2

[Event "15th Kesan Open 2017"]
[Site "Kesan"]
[Date "2017.08.15"]
[Round "5.6"]
[White "Dimitrov, Atanas"]
[Black "Ozgur, Isa"]
[Result "0-1"]
[ECO "A43"]
[WhiteElo "2317"]
[BlackElo "1930"]
[Annotator "NA"]
[PlyCount "80"]
[EventCountry "TUR"]
[SourceTitle "playchess.com"]
[Source "ChessBase"]
[SourceQuality "1"]
[TimeControl "5400+30"]

1. d4 Nf6 2. Nf3 c5 3. d5 b5 4. Bg5 Qb6 5. Bxf6 Qxf6 6. c3 {[%emt 0:00:30] LiveBook: 141 Games} d6 7. e4 a6 8. Qc2 (8. a4 $5 b4 9. cxb4 $11) 8... Nd7 9. a4 b4 10. Be2 $11 Rb8 11. O-O g5 12. Nfd2 Ne5 13. Nc4 Bg7 14. a5 g4 15. Nxe5 Qxe5 16. Rc1 O-O 17. Nd2 f5 18. Nc4 Qf6 19. Bd3 fxe4 20. Bxe4 Bf5 21. Bxf5 Qxf5 22. Ne3 Qxc2 23. Rxc2 bxc3 24. bxc3 h5 25. Ra3 Rb1+ 26. Nf1 Rfb8 27. f3 gxf3 28. gxf3 R8b3 29. Rxb3 Rxb3 30. Ng3 Rxc3 31. Re2 Rxf3 32. Rxe7 h4 33. Kg2 Ra3 34. Nf5 h3+ 35. Kf2 Be5 36. Ra7 Bxh2 37. Rxa6 Be5 38. Nh6+ Kh7 39. Ng4 Bg3+ 40. Ke2 h2 0-1

[Event "15th Kesan Open 2017"]
[Site "Kesan"]
[Date "2017.08.15"]
[Round "5.7"]
[White "Rzayev, Askar Aliakbar"]
[Black "Buyukasik, Diyap"]
[Result "0-1"]
[ECO "D03"]
[WhiteElo "2072"]
[BlackElo "2285"]
[Annotator "NA"]
[PlyCount "62"]
[EventCountry "TUR"]
[SourceTitle "playchess.com"]
[Source "ChessBase"]
[SourceQuality "1"]
[TimeControl "5400+30"]

1. d4 Nf6 2. Bg5 e6 3. Nd2 c5 4. e3 Be7 5. Ngf3 O-O 6. Bd3 d5 7. c3 Nbd7 8. O-O h6 9. Bh4 a6 10. Ne5 Nxe5 11. dxe5 Nd7 12. Bg3 b5 13. Qg4 f5 14. exf6 Nxf6 15. Qg6 $11 Qe8 16. Qxe8 Rxe8 17. a4 Bd7 18. axb5 axb5 19. Bg6 Rec8 20. e4 Be8 21. Bxe8 Rxe8 22. exd5 exd5 23. Rfe1 Bf8 24. Kf1 Rxe1+ 25. Rxe1 Ra2 26. Rb1 Nd7 27. Ke2 c4 28. Kd1 Nc5 29. Kc2 Nd3 30. Nf3 Ba3 31. Nd4 Bxb2 0-1

[Event "15th Kesan Open 2017"]
[Site "Kesan"]
[Date "2017.08.15"]
[Round "5.8"]
[White "Ozalp, Burak"]
[Black "Aydin, Hakan Arda"]
[Result "1-0"]
[ECO "C54"]
[WhiteElo "2129"]
[BlackElo "1735"]
[Annotator "NA"]
[PlyCount "133"]
[EventCountry "TUR"]
[SourceTitle "playchess.com"]
[Source "ChessBase"]
[SourceQuality "1"]
[TimeControl "5400+30"]

1. e4 e5 2. Nf3 Nc6 3. Bc4 Nf6 4. d3 Bc5 5. c3 d6 6. O-O O-O 7. Bb3 a6 8. Nbd2 Ba7 9. Re1 {[%emt 0:01:30] LiveBook: 256 Games} Ng4 10. Re2 Nf6 11. h3 h6 12. Nf1 Nh5 13. Re1 Qf6 $11 14. Be3 Nf4 15. d4 Ne7 16. Ng3 g6 17. Bxf4 Qxf4 18. Rc1 Kh8 19. Nf1 Qf6 20. Ne3 Nc6 21. Nd5 Qd8 22. Qd2 Kg7 23. Rcd1 f6 24. a4 Be6 25. Ba2 Ne7 26. b4 Nxd5 27. exd5 Bd7 28. a5 Re8 29. Bb1 Re7 30. Nh4 f5 31. Nf3 e4 32. Nh2 Bb5 33. f3 exf3 34. Nxf3 Qd7 35. Rxe7+ Qxe7 36. Re1 Qd7 37. Re6 Re8 38. Bxf5 Rxe6 39. Bxe6 Qe7 40. Nh2 h5 41. Nf3 Bc4 42. Ng5 c6 43. h4 Bxd5 44. Bxd5 cxd5 45. Qf4 Bb8 46. Kh2 Qf6 47. Qxf6+ Kxf6 48. Kg3 Bc7 49. Nh3 Kf5 50. Kf3 Bd8 51. Nf4 Bxh4 52. Nxd5 Bd8 53. Ne3+ Ke6 54. Ke4 g5 55. d5+ Kf6 56. Nf5 Bc7 57. Nd4 Bd8 58. c4 Be7 59. b5 h4 60. Nc6 Bf8 61. Nd8 Bh6 62. Nxb7 g4 63. bxa6 h3 64. gxh3 gxh3 65. Kf3 h2 66. Kg2 Be3 67. c5 1-0

[Event "15th Kesan Open 2017"]
[Site "Kesan"]
[Date "2017.08.15"]
[Round "5.10"]
[White "Guseynov, Alihan"]
[Black "Ozkan, Hakan"]
[Result "1-0"]
[ECO "E01"]
[WhiteElo "2399"]
[BlackElo "1794"]
[Annotator "NA"]
[PlyCount "85"]
[EventCountry "TUR"]
[SourceTitle "playchess.com"]
[Source "ChessBase"]
[SourceQuality "1"]
[TimeControl "5400+30"]

1. c4 e6 2. Nf3 Nf6 3. g3 d5 4. Bg2 Nbd7 5. b3 Bd6 6. Bb2 O-O 7. O-O Re8 8. d4 c6 9. Nbd2 b6 10. Qc2 Bb7 {[%emt 0:02:30] LiveBook: 3 Games} 11. e4 Nxe4 12. Nxe4 dxe4 13. Qxe4 Nf6 14. Qc2 c5 15. Rad1 cxd4 $14 16. Nxd4 Bxg2 17. Kxg2 Qc7 18. Qe2 Rad8 19. Nb5 Qb7+ 20. Qf3 Qxf3+ 21. Kxf3 Bb8 22. Ba3 a6 23. Nd6 Bxd6 24. Bxd6 Rd7 25. Ke2 Ne4 26. Be5 Red8 27. f3 Nc5 28. Bc7 Rxd1 29. Rxd1 Rxd1 30. Kxd1 Nd7 31. a4 Kf8 32. b4 Ke7 33. f4 f6 34. Kd2 h6 35. c5 Nxc5 36. bxc5 bxc5 37. Kd3 Kd7 38. Bb8 Kc6 39. Kc4 g5 40. Ba7 h5 41. Bxc5 gxf4 42. gxf4 e5 43. f5 1-0

[Event "15th Kesan Open 2017"]
[Site "Kesan"]
[Date "2017.08.16"]
[Round "6.2"]
[White "Buyukasik, Diyap"]
[Black "Ozalp, Burak"]
[Result "1-0"]
[ECO "A26"]
[WhiteElo "2285"]
[BlackElo "2129"]
[Annotator "RC"]
[PlyCount "95"]
[EventCountry "TUR"]
[SourceTitle "playchess.com"]
[Source "ChessBase"]
[SourceQuality "1"]
[TimeControl "5400+30"]

1. Nf3 g6 2. g3 Bg7 3. c4 d6 4. Nc3 Nc6 5. Bg2 e5 6. O-O f5 7. d3 Nf6 8. Rb1 O-O 9. b4 h6 10. b5 Ne7 11. a4 g5 12. Nd2 Rb8 13. Ba3 b6 14. Nb3 Be6 15. Na2 f4 16. d4 e4 17. d5 Bf5 18. Nd4 Qd7 19. Rb3 e3 20. gxf4 exf2+ 21. Kh1 Ng6 22. fxg5 hxg5 23. Nxf5 Qxf5 24. Rf3 Qe5 25. Qc2 Ng4 26. Rg3 Ne3 27. Qxg6 Nxf1 28. Bxf1 Rbe8 29. Qxg5 Qxg5 30. Rxg5 Kh7 31. Bc1 Re4 32. e3 Rh4 33. Kg2 Bf6 34. Rf5 Rg8+ 35. Kf3 Be5 36. h3 Kg6 37. e4 Kh7 38. Kxf2 Kh8 39. Bg2 Bd4+ 40. Kf3 Be5 41. Bg5 Rh7 42. h4 Kg7 43. Nb4 Rf8 44. Bh3 Bf6 45. Kg4 Bxg5 46. Rxg5+ Kh8 47. Nd3 Re7 48. e5 1-0

[Event "15th Kesan Open 2017"]
[Site "Kesan"]
[Date "2017.08.16"]
[Round "6.8"]
[White "Markidis, Konstantinos"]
[Black "Korkmaz, Turhan"]
[Result "1-0"]
[ECO "B51"]
[WhiteElo "2350"]
[BlackElo "1867"]
[Annotator "ChessBase"]
[PlyCount "117"]
[EventCountry "TUR"]
[SourceTitle "playchess.com"]
[Source "ChessBase"]
[SourceQuality "1"]
[TimeControl "5400+30"]

1. e4 c5 2. Nf3 d6 3. Bb5+ Nd7 4. c3 a6 5. Ba4 b5 6. Bc2 Bb7 7. d4 e6 8. O-O Be7 9. Re1 Qc7 10. Nbd2 Ngf6 11. Nf1 O-O 12. Ng3 Rad8 13. Qe2 Rfe8 14. a4 c4 15. Bd2 Bf8 16. h3 g6 17. Be3 h5 18. Bg5 e5 19. Qd2 Kh7 20. b4 Bg7 21. d5 Ra8 22. Be3 Rf8 23. Rf1 Qd8 24. Ra3 Ng8 25. Ng5+ Kh8 26. Rfa1 Qe7 27. Qc1 Ndf6 28. R1a2 Nh7 29. Nxh7 Kxh7 30. Qa1 h4 31. Nf1 f5 32. f3 f4 33. Bf2 Rab8 34. axb5 axb5 35. Ra7 Qg5 36. Qe1 Bf6 37. R2a6 Rfd8 38. Rb6 Rd7 39. Rxb5 Ne7 40. Ra1 Qh6 41. Bd1 g5 42. Nd2 Rc7 43. Be2 Rbc8 44. Ra7 Ba8 45. Rxc7 Rxc7 46. Nxc4 Bg7 47. Rb8 Bb7 48. Bb6 Rd7 49. Na5 Bxd5 50. exd5 e4 51. Bb5 Nxd5 52. Bxd7 Qf6 53. Qxe4+ Kh6 54. Qxd5 Qxc3 55. Qxd6+ Bf6 56. Rh8+ Kg6 57. Be8+ Kf5 58. Qd5+ Be5 59. Rf8# 1-0

[Event "15th Kesan Open 2017"]
[Site "Kesan"]
[Date "2017.08.16"]
[Round "6.10"]
[White "Tereladze, Sopiko"]
[Black "Donmez, Taha Mert"]
[Result "1-0"]
[ECO "A42"]
[WhiteElo "2172"]
[BlackElo "1918"]
[Annotator "RC"]
[PlyCount "67"]
[EventCountry "TUR"]
[SourceTitle "playchess.com"]
[Source "ChessBase"]
[SourceQuality "1"]
[TimeControl "5400+30"]

1. d4 g6 2. c4 Bg7 3. Nc3 d6 4. e4 Nc6 5. Nf3 Bg4 6. Be3 e5 7. d5 Nd4 8. h3 Bxf3 9. gxf3 Ne7 10. f4 c5 11. fxe5 Bxe5 12. h4 Qa5 13. f4 Bg7 14. h5 f5 15. h6 Bf6 16. Qd3 Nf3+ 17. Kf2 Nd4 18. Bh3 Qb6 19. Rab1 O-O 20. b4 Qa6 21. bxc5 fxe4 22. Nxe4 Qxa2+ 23. Qd2 Qxd2+ 24. Bxd2 dxc5 25. Rxb7 Nef5 26. Nxf6+ Rxf6 27. Ra1 a6 28. Bxf5 Nxf5 29. Ra5 Nd6 30. Rg7+ Kh8 31. Kf3 Raf8 32. Rxa6 Nf5 33. Raa7 Nd4+ 34. Kg4 1-0

[Event "15th Kesan Open 2017"]
[Site "Kesan"]
[Date "2017.08.17"]
[Round "8.6"]
[White "Seyhanoglu, Deniz"]
[Black "Dimitrov, Atanas"]
[Result "1/2-1/2"]
[ECO "A25"]
[WhiteElo "2060"]
[BlackElo "2317"]
[Annotator "NA"]
[PlyCount "115"]
[EventCountry "TUR"]
[SourceTitle "playchess.com"]
[Source "ChessBase"]
[SourceQuality "1"]
[TimeControl "5400+30"]

1. c4 e5 2. g3 Nc6 3. Bg2 f5 4. e3 Nf6 5. Nc3 Bb4 6. Nge2 O-O 7. O-O d6 8. d3 Qe8 9. a3 Bxc3 10. Nxc3 Bd7 $14 11. b4 a6 12. Rb1 Rb8 13. a4 e4 14. dxe4 fxe4 15. Nxe4 Nxe4 16. Qd5+ Kh8 17. Qxe4 Ne5 18. Bb2 Bf5 19. Qd4 Bxb1 20. Rxb1 Qg6 21. Be4 Nf3+ 22. Kg2 Nxd4 23. Bxg6 hxg6 24. Bxd4 b6 25. Rd1 Kg8 26. f4 Rfd8 27. Kf3 c5 28. Bc3 Rbc8 29. b5 axb5 30. axb5 Ra8 31. Ke4 Ra3 32. Be5 Kf7 33. Rxd6 Rxd6 34. Bxd6 Ke6 35. Bc7 Rc3 36. Bxb6 Rxc4+ 37. Kd3 Rc1 38. Kd2 Rc4 39. Kd3 Rc1 40. Bc7 Rb1 41. b6 Kd5 42. e4+ Kc6 43. e5 Kd5 44. g4 Kc6 45. e6 Re1 46. Be5 Rb1 47. Bxg7 Rxb6 48. f5 gxf5 49. gxf5 Kd6 50. h4 Rb4 51. h5 Ke7 52. h6 Rh4 53. Kc3 Rh5 54. Kc4 Rxf5 55. h7 Rh5 56. h8=Q Rxh8 57. Bxh8 Kxe6 58. Kxc5 1/2-1/2

[Event "15th Kesan Open 2017"]
[Site "Kesan"]
[Date "2017.08.17"]
[Round "8.7"]
[White "Onem, Uzay Altay"]
[Black "Annaberdiyev, Babageldi"]
[Result "0-1"]
[ECO "A44"]
[WhiteElo "1880"]
[BlackElo "2223"]
[Annotator "NA"]
[PlyCount "108"]
[EventCountry "TUR"]
[SourceTitle "playchess.com"]
[Source "ChessBase"]
[SourceQuality "1"]
[TimeControl "5400+30"]

1. d4 c5 2. d5 e5 3. e4 d6 4. c4 Be7 5. Nc3 a6 6. g3 {[%emt 0:03:30] A44: Semi-Benoni} (6. a4 Bg5 7. Bxg5 Qxg5 {½-½ (7) Skytte,R (2406)-Rusev,K (2549) Copenhagen 2012}) 6... Bg5 7. Bxg5 Qxg5 8. h4 Qe7 9. Bh3 Nd7 10. Qd3 $146 ({Predecessor:} 10. Nf3 Ngf6 11. h5 Qf8 12. Qd2 Rb8 13. a4 b6 14. Ke2 g6 {1-0 (60) Milchev,N (2213)-Cebrian Ramos,J (2102) Vilagarcia de Arousa 2006}) 10... Ngf6 11. Nge2 Rb8 12. a4 O-O 13. Kf1 Re8 14. Kg2 b6 15. f3 Nf8 16. Bxc8 Rexc8 17. f4 exf4 18. gxf4 h5 19. Ng3 g6 20. Rae1 Ng4 21. e5 dxe5 22. f5 Qf6 23. Nce4 Qg7 24. Ref1 $11 (24. Rhf1 $14) 24... Nd7 25. Qf3 b5 26. f6 Qh6 27. axb5 axb5 28. Nd6 Rf8 29. Nxb5 Ndxf6 30. Kh3 e4 31. Nxe4 Nxe4 32. Qxe4 Rbe8 33. Qf4 Re3+ 34. Kg2 Qg7 35. Nc3 Rfe8 36. Rh3 R3e5 37. Rhf3 Ne3+ 38. Rxe3 Rxe3 39. d6 Rd3 40. Ne4 f5 41. Nxc5 Rd4 42. d7 Re2+ 43. Rf2 Rxf2+ 44. Qxf2 Qe5 45. Qf3 Qxc5 46. Qa8+ Qf8 47. Qe8 Kg7 48. c5 Rd2+ 49. Kh3 Rd3+ 50. Kg2 Qf6 51. Kf1 f4 52. c6 Rd1+ 53. Ke2 Qd6 54. Qe4 Qd2+ 0-1

[Event "15th Kesan Open 2017"]
[Site "Kesan"]
[Date "2017.08.17"]
[Round "8.8"]
[White "Tereladze, Sopiko"]
[Black "Korkmaz, Turhan"]
[Result "1-0"]
[ECO "B06"]
[WhiteElo "2172"]
[BlackElo "1867"]
[Annotator "NA"]
[PlyCount "81"]
[EventCountry "TUR"]
[SourceTitle "playchess.com"]
[Source "ChessBase"]
[SourceQuality "1"]
[TimeControl "5400+30"]

1. d4 d6 2. e4 g6 3. Nc3 Bg7 4. Bg5 Nd7 5. Qd2 c5 6. Nf3 a6 7. a4 Qb6 8. Be2 e6 9. a5 Qc7 10. O-O h6 11. Be3 Ne7 12. Rfd1 g5 $18 13. h4 g4 14. Nh2 h5 15. f3 g3 16. Nf1 Ng6 17. Nxg3 Nxh4 18. dxc5 dxc5 19. f4 Rg8 20. Kh2 Nxg2 21. Kxg2 h4 22. Rg1 hxg3 23. Kf3 Nf6 24. Rxg3 Bd7 25. Rag1 Kf8 26. Rg5 Bc6 27. Bxc5+ Ke8 28. Rxg7 Rh8 29. Qd6 Qxd6 30. Bxd6 Rd8 31. Be5 Ke7 32. Bxf6+ Kxf6 33. Bd3 Rh5 34. R7g5 Rh3+ 35. R5g3 Rh5 36. Rg5 Rh3+ 37. R1g3 Rh1 38. Ke2 Ke7 39. f5 Kf6 40. fxe6 Kxe6 41. Bc4+ 1-0

[Event "15th Kesan Open 2017"]
[Site "Kesan"]
[Date "2017.08.17"]
[Round "8.9"]
[White "Hajiyev, Shahin"]
[Black "Grigoriev, Armen"]
[Result "0-1"]
[ECO "A32"]
[WhiteElo "2006"]
[BlackElo "2160"]
[Annotator "NA"]
[PlyCount "132"]
[EventCountry "TUR"]
[SourceTitle "playchess.com"]
[Source "ChessBase"]
[SourceQuality "1"]
[TimeControl "5400+30"]

1. d4 Nf6 2. c4 e6 3. g3 c5 4. Nf3 cxd4 5. Nxd4 Bb4+ 6. Bd2 Bc5 7. Nb3 Be7 8. Bg2 d6 9. Nc3 O-O 10. O-O Nbd7 11. Nb5 Ne5 12. Rc1 Qd7 13. Na3 Nc6 14. e4 Rd8 15. Qe2 a6 16. Rfd1 Qc7 17. Be3 Bd7 18. Nb1 Ne5 19. Nd4 Rac8 20. h3 Be8 21. b3 Qb8 22. Nc3 Nc6 23. a4 Nd7 24. Qa2 Nb4 25. Qb1 Bf6 26. Na2 Nc6 27. b4 Nxd4 28. Bxd4 Bxd4 29. Rxd4 e5 30. Rdd1 Nb6 31. a5 Nxc4 32. Qb3 b5 33. Bf1 f5 34. exf5 Bf7 35. Qb1 d5 36. Nc3 Rd6 37. Bg2 Rcd8 38. Rd3 g6 39. Rcd1 e4 40. fxg6 hxg6 41. Rd4 Qc8 42. Ne2 Qf5 43. h4 Qe5 44. Qc1 Kg7 45. Qf4 Qxf4 46. Nxf4 Kf6 47. Kf1 Ke7 48. Ke1 Ne5 49. Rb1 Rc8 50. Rdd1 Rc4 51. Rdc1 Rdc6 52. Rxc4 Rxc4 53. Kd2 Nc6 54. Bf1 Rxb4 55. Rxb4 Nxb4 56. Bh3 Nc6 57. Bc8 Nxa5 58. Bxa6 b4 59. Be2 d4 60. f3 d3 61. Nxd3 Nc4+ 62. Kc2 exd3+ 63. Bxd3 Ne5 64. Be4 Kd6 65. f4 Ng4 66. f5 gxf5 0-1